 Dungeon Crawl Stone Soup version 0.19-a0-1260-gc94d3f7 (webtiles) character file.

526 Sixotanaka the Caller (level 7, -5/46 HPs)
             Began as a Vampire Summoner on Aug 23, 2016.
             Slain by Menkaure (12 damage)
             ... on level 5 of the Dungeon on Aug 28, 2016.
             The game lasted 00:20:07 (5235 turns).

Sixotanaka the Caller (Vampire Summoner)            Turns: 5235, Time: 00:20:08

Health: -5/46      AC:  6    Str: 10    XL:     7   Next: 2%
Magic:  9/10       EV: 12    Int: 19    God:
Gold:   189        SH:  0    Dex: 15    Spells: 3 memorised, 2 levels left

rFire  + . .     SeeInvis +     e - +0 short sword
rCold  + + .     Gourm    .     s - +3 leather armour {rF+}
rNeg   + + .     Faith    .     (no shield)
rPois  +         Spirit   .     (no helmet)
rElec  .         Dismiss  .     (no cloak)
rCorr  .         Reflect  .     (no gloves)
MR     .....     Harm     .     (no boots)
Stlth  ++........               (no amulet)
                                z - +3 ring of strength
                                p - ring of protection from cold

@: about to teleport, very slightly contaminated, regenerating slowly
A: fangs 3, see invisible, unbreathing
a: Bat Form


You were on level 5 of the Dungeon.
You were thirsty.

You visited 1 branch of the dungeon, and saw 5 of its levels.

You collected 189 gold pieces.


Innate Abilities, Weirdness & Mutations

You heal slowly.
You have razor-sharp teeth.
You have supernaturally acute eyesight. (SInv)
You can survive without breathing.


   Skills:
 - Level 2.1 Dodging
 - Level 3.0 Stealth
 - Level 2.0 Spellcasting
 + Level 6.6 Summonings
 - Level 5.0 Air Magic


You had 2 spell levels left.
You knew the following spells:

 Your Spells              Type           Power        Failure   Level  Hunger
a - Summon Small Mammal   Summ           ####         1%          1    #......
b - Call Canine Familiar  Summ           ####....     6%          3    ###....
c - Summon Lightning Spi  Summ/Air       ###.....     24%         4    #####..


Dungeon Overview and Level Annotations

Branches:
Dungeon (5/15)
 Temple: D:4-7

Altars:
Ashenzari
Gozag

Annotations:
D:4 Grinder
D:5 1 runed door, Dowan; Duvessa; Menkaure; moogleknight's ghost, amateur FoAK

Inventory:

Hand Weapons
 e - a +0 short sword (weapon)
   (You took it off a kobold on level 1 of the Dungeon)
 v - a +0 blowgun
   (You took it off a kobold on level 2 of the Dungeon)
Missiles
 f - 7 curare-tipped needles
 i - 3 javelins (quivered)
 t - 15 poisoned needles
Armour
 a - a +1 robe of positive energy
   (You took it off Sigmund on level 3 of the Dungeon)
 s - a +3 leather armour of fire resistance (worn)
   (You found it on level 2 of the Dungeon)
Jewellery
 p - a ring of protection from cold (left hand)
   (You found it on level 2 of the Dungeon)
 y - an uncursed ring of resist corrosion
   (You found it on level 4 of the Dungeon)
 z - a +3 ring of strength (right hand)
   (You found it on level 5 of the Dungeon)
Scrolls
 d - 2 scrolls of remove curse {@r2}
 o - 2 scrolls of recharging
 q - a scroll of fog {unknown}
 r - a scroll of identify {@r1}
Potions
 c - 13 potions of blood {@q0}
 h - a potion of lignification {unknown}
 j - a potion of cancellation {unknown}
 l - 2 potions of heal wounds {unknown}
 u - a potion of invisibility {unknown}
 w - a potion of brilliance {unknown}
Books
 b - a book of Callings

#.##### #.# #
#.....####.# #
#####.##...# #
#.##.###
#############.##.#
)((...e....##.##.#
##########.##.##.#
# #...##.##5# #
#.####.##@# # #.#
#.##M# #.# #.##.#
#.####.##.###
#.##........#
#.##........#
#.......###.##
####...## ##.#
###########(>.#
#.#


You could see Menkaure and an ufetubus.


Message History

You see here 2 fruits.
Your extra speed is starting to run out.
The ufetubus misses you. The ufetubus closely misses you.
You feel yourself slow down. The ufetubus closely misses you. x2
Menkaure, Prince of Dust comes into view.
Menkaure shouts!
The ufetubus hits you but does no damage.
The ufetubus closely misses you. The ufetubus closely misses you.
The ufetubus hits you.
* * * LOW HITPOINT WARNING * * *
Unknown command.
Okay, then.
It was a potion of curing.
You feel better. The ufetubus misses you. The ufetubus closely misses you.
Okay, then.
As you read the scroll labeled POLUNU QACE, it crumbles to dust.
It is a scroll of amnesia.
Forget which spell ([?*] list [ESC] exit)?
Forget which spell ([?*] list [ESC] exit)?
Okay, then.
The ufetubus barely misses you.
The ufetubus hits you but does no damage.
Menkaure mumbles some strange words.
Menkaure seems to speed up.
The ufetubus closely misses you.
The ufetubus hits you but does no damage.
As you read the scroll labeled QOPLAGUCAPN, it crumbles to dust.
It is a scroll of enchant armour.
Your +2 leather armour of fire resistance glows green for a moment.
The ufetubus closely misses you. The ufetubus completely misses you.
Menkaure hits you but does no damage.
As you read the scroll labeled YRYQUKIUNY, it crumbles to dust.
You feel strangely unstable.
It was a scroll of teleportation.
The ufetubus misses you. The ufetubus closely misses you.
Menkaure barely misses you. The ufetubus closely misses you. x2
You feel better. Menkaure hits you!
* * * LOW HITPOINT WARNING * * *
The ufetubus barely misses you. The ufetubus closely misses you.
You feel better. Menkaure barely misses you.
The ufetubus hits you but does no damage.
The ufetubus hits you.
* * * LOW HITPOINT WARNING * * *
Menkaure hits you!
* * * LOW HITPOINT WARNING * * *
The ufetubus misses you.
The ufetubus hits you but does no damage.
You feel better. The ufetubus hits you.
* * * LOW HITPOINT WARNING * * *
The ufetubus closely misses you. Menkaure hits you!
You die...

Vault maps used:
D:1:      ncdulo_halloftheorcs, interstate_on_off, minmay_misc_feat_chi
D:2:      first_bread
D:3:      grunt_gozag_breadcrumbs, ashenzari_altar_1, uniq_sigmund
D:4:      corexii_shack, minmay_item_behind_shaft, corexii_corridor_pit,
          bh_walls_and_bars, uniq_grinder
D:5:      cheibrodos_worm_habitat, uniq_menkaure, uniq_crazy_yiuf_cottage,
          uniq_duvessa

Vanquished Creatures
  An orc wizard (D:5)
  A worker ant (D:4)
  2 adders (D:3)
  A dart slug (D:4)
  A giant gecko (D:3)
  An orc (D:4)
  A ball python (D:1)
  3 giant cockroaches
  3 goblins
  3 hobgoblins
  2 kobolds (D:2)
  A quokka (D:1)
  2 giant newts
  3 rats
25 creatures vanquished.

Vanquished Creatures (collateral kills)
  Sigmund (D:3)
  The ghost of alcopop the Covert, an amateur SpAs (D:3)
  A scorpion (D:4)
  A howler monkey (D:5)
  A giant frog zombie (D:5)
  2 hounds
  An orc priest (D:4)
  A giant frog skeleton (D:4)
  2 orc wizards
  An iguana (D:4)
  5 adders
  3 gnolls (D:3)
  An ooze (D:3)
  5 worms
  3 dart slugs
  2 giant geckos
  14 orcs
  4 giant cockroaches
  3 goblins
  8 hobgoblins
  2 jackals (D:1)
  9 kobolds
  A quokka (D:4)
  2 ball pythons
  4 bats
  A quokka skeleton (D:5)
  2 rats
81 creatures vanquished.

Vanquished Creatures (others)
  An orc (D:5)
1 creature vanquished.

Grand Total: 107 creatures vanquished

Table legend:
 A = Turns spent in this place as a percentage of turns spent in the entire game.
 B = Non-inter-level travel turns spent in this place as a percentage of non-inter-level travel turns spent in the entire game.
 C = Inter-level travel turns spent in this place as a percentage of turns spent in this place.
 D = Turns resting spent in this place as a percentage of non-inter-level travel turns spent in this place.
 E = Turns spent auto-exploring this place as a percentage of non-inter-level travel turns spent in this place.
 F = Non-inter-level travel turns spent in this place divided by the number of levels of this place that you've seen.
                   A       B       C       D       E      F
               +-------+-------+-------+-------+-------+----------------------
         Total | 100.0 | 100.0 |   0.6 |   5.3 |   9.2 | 360.0
       Dungeon | 100.0 | 100.0 |   0.6 |   5.3 |   9.2 | 360.0
               +-------+-------+-------+-------+-------+----------------------

Table legend:
 A = Kills in this place as a percentage of kills in entire the game.
 B = Kills by you in this place as a percentage of kills by you in the entire game.
 C = Kills by friends in this place as a percentage of kills by friends in the entire game.
 D = Other kills in this place as a percentage of other kills in the entire game.
 E = Experience gained in this place as a percentage of experience gained in the entire game.
 F = Experience gained in this place divided by the number of levels of this place that you have seen.
                   A       B       C       D       E      F
               +-------+-------+-------+-------+-------+----------------------
         Total | 100.0 | 100.0 | 100.0 | 100.0 | 100.0 | 150.4
       Dungeon | 100.0 | 100.0 | 100.0 | 100.0 | 100.0 | 150.4
               +-------+-------+-------+-------+-------+----------------------

Notes
Turn   | Place    | Note
-------+----------+-------------------------------------------
     0 | D:1      | Sixotanaka the Vampire Summoner began the quest for the Orb.
     0 | D:1      | Reached XP level 1. HP: 13/13 MP: 3/3
   259 | D:1      | Upgraded the game from 0.19-a0-1216-g363869b to 0.19-a0-1225-gf887c1c
   346 | D:1      | Reached XP level 2. HP: 17/19 MP: 1/5
  1326 | D:2      | Reached skill level 5 in Summonings
  1326 | D:2      | Reached XP level 3. HP: 24/24 MP: 1/6
  1380 | D:2      | Upgraded the game from 0.19-a0-1225-gf887c1c to 0.19-a0-1260-gc94d3f7
  1460 | D:2      | Learned a level 3 spell: Call Canine Familiar
  2153 | D:3      | Found a shattered altar of Ashenzari.
  2340 | D:3      | Reached XP level 4. HP: 29/30 MP: 4/7
  2402 | D:3      | Noticed Sigmund
  2437 | D:3      | Killed Sigmund
  2437 | D:3      | Reached skill level 6 in Summonings
  2437 | D:3      | Reached XP level 5. HP: 33/35 MP: 1/8
  2505 | D:3      | Learned a level 4 spell: Summon Lightning Spire
  2518 | D:3      | Found an opulent altar of Gozag.
  2538 | D:3      | Noticed alcopop's ghost (amateur SpAs)
  2571 | D:3      | Killed alcopop's ghost
  2571 | D:3      | Reached skill level 2 in Air Magic
  2664 | D:3      | Reached XP level 6. HP: 17/41 MP: 4/9
  3291 | D:3      | Reached skill level 3 in Air Magic
  3742 | D:4      | Noticed Grinder
  3750 | D:4      | Paralysed by Grinder for 6 turns
  3758 | D:4      | Paralysed by Grinder for 2 turns
  4174 | D:4      | Reached skill level 4 in Air Magic
  4179 | D:4      | zzxc: evil person
  4181 | D:4      | zzxc: playing without telling me
  4250 | D:4      | Sixotanaka: heh
  4250 | D:4      | zzxc: inb4 'im about to log off'
  4250 | D:4      | Sixotanaka: i only started when i started listening to this podcast
  4495 | D:4      | zzxc: or 'my lol game is queued'
  4511 | D:4      | Sixotanaka: i hit the wrong key
  4511 | D:4      | Sixotanaka: and learned ice beast
  4511 | D:4      | Sixotanaka: instead of lightning spire
  4516 | D:4      | zzxc: that's good
  4522 | D:4      | zzxc: beast is better
  4550 | D:4      | zzxc: your subconscious plays better than your conscious
  4752 | D:5      | Entered Level 5 of the Dungeon
  4845 | D:5      | Noticed moogleknight's ghost (amateur FoAK)
  4861 | D:5      | zzxc: ghost crawl
  4881 | D:4      | Sixotanaka: ghosts on every floor
  4968 | D:5      | zzxc: every person that ever dies
  4978 | D:5      | Found a runed door.
  5001 | D:5      | zzxc: will leave a permanent ghost on that floor
  5018 | D:5      | zzxc: and they will ALL show up
  5059 | D:5      | Noticed Dowan
  5059 | D:5      | zzxc: every game
  5060 | D:5      | Noticed Duvessa
  5065 | D:5      | zzxc: unless they are killed
  5105 | D:5      | zzxc: so after a few days D:1 is like
  5108 | D:5      | zzxc: full of ghosts
  5116 | D:5      | zzxc: but how to kill players in the first place?
  5127 | D:5      | Reached skill level 5 in Air Magic
  5127 | D:5      | Reached XP level 7. HP: 29/46 MP: 2/10
  5137 | D:5      | Sixotanaka: wait what
  5163 | D:5      | HP: 8/46 [orc/hand axe (7)]
  5165 | D:5      | zzxc: rip extravaganza
  5167 | D:5      | HP: 1/46 [Duvessa/stone (3)]
  5199 | D:5      | zzxc: keep running lol
  5225 | D:5      | Noticed Menkaure
  5228 | D:5      | zzxc: ok
  5228 | D:5      | HP: 1/46 [ufetubus[miscasting Summon Lightning Spire] (3)]
  5229 | D:5      | zzxc: better stop running
  5229 | D:5      | zzxc: round about now
  5233 | D:5      | HP: 11/46 [Menkaure (8)]
  5234 | D:5      | HP: 1/46 [Menkaure (10)]
  5235 | D:5      | zzxc: this is so dumb
  5235 | D:5      | Slain by Menkaure

Action                   |  1- 3 |  4- 6 |  7- 9 || total
-------------------------+-------+-------+-------++-------
Melee: Short sword       |    67 |    88 |     6 ||   161
       Unarmed           |     2 |       |       ||     2
       Bite              |     5 |    10 |       ||    15
Throw: Javelin           |     1 |       |       ||     1
 Cast: Summon Small Mamm |    51 |    43 |       ||    94
       Call Canine Famil |     8 |    35 |       ||    43
  Use: Scroll            |     1 |     4 |     3 ||     8
       Potion            |     4 |     7 |     6 ||    17
 Stab: Distracted        |     1 |     1 |       ||     2
       Sleeping          |     4 |     1 |       ||     5
Armor: Robe              |    13 |       |       ||    13
       Leather armour    |     5 |    35 |     7 ||    47
Dodge: Dodged            |    39 |    77 |    29 ||   145
